[Event "FIDE Women's Grand Swiss 2023"]
[Site "Villa Marina, Douglas, Isle of Man, Isle Of Man"]
[Date "2023.10.27"]
[Round "3.4"]
[White "Guichard, Pauline"]
[Black "Muzychuk, Mariya"]
[Result "1/2-1/2"]
[TimeControl "40/90 + 30 + 30s/move"]
[WhiteFideId "639370"]
[BlackFideId "14114550"]
[WhiteElo "2358"]
[BlackElo "2519"]

1. d4 Nf6 2. c4 e6 3. Nf3 d5 4. Nc3 c6 5. e3 Nbd7 6. Qc2 Bd6 7. Bd3 O-O 8. O-O dxc4 9. Bxc4 b5 10.
Be2 Bb7 11. e4 e5 12. dxe5 Nxe5 13. Nd4 Neg4 14. g3 Re8 15. Nf5 Bc5 16. Bf4 Qb6 17. Kg2 g6 18. h3 gxf5 19. hxg4 Nxe4 20.
gxf5 Nxc3 21. bxc3 Bf8 22. Bf3 c5 23. Bxb7 Qxb7+ 24. f3 Qe7 25. Rf2 Bg7 26. Rh1 Qf6 27. Qb1 a6 28. g4 Qxc3 29.
f6 Qxf6 30. Qxh7+ Kf8 31. Kg3 Re6 32. Rd2 c4 33. Rhd1 Qg6 34. Rd8+ Rxd8 35. Rxd8+ Ke7 36. Qg8 Bh6 37. Re8+ Kd7 38.
Rd8+ Ke7 39. Re8+ Kd7 40. Rd8+ 1/2-1/2